 Dungeon Crawl Stone Soup version 0.30-a0-141-g30f27751c5 (webtiles) character file.

Game seed: 11479443779506478221

156 qw the Chopper (level 5, -1/32 HPs)
             Began as a Gargoyle Fighter on Sept 25, 2022.
             Slain by an adder (4 damage)
             ... on level 3 of the Dungeon.
             The game lasted 00:00:46 (2049 turns).

qw the Chopper (Gargoyle Fighter)                   Turns: 2049, Time: 00:00:46

Health: -1/32      AC:  0    Str: 21    XL:     5   Next: 37%
Magic:  5/5        EV: 14    Int:  9    God:
Gold:   107        SH:  0    Dex: 14    Spells: 4/4 levels left

rFire   . . .      SeeInvis .    (weapon currently unavailable)
rCold   . . .      Faith    .    (shield currently unavailable)
rNeg    + . .      Spirit   .    (body armour currently unavailable)
rPois   inf        Reflect  .    (helmet currently unavailable)
rElec   .          Harm     .    (cloak currently unavailable)
rCorr   .          Rampage  .    (gloves currently unavailable)
Will    .....                    (boots currently unavailable)
Stlth   +.........               (no amulet)
HPRegen 0.10/turn                (ring currently unavailable)
MPRegen 0.09/turn                (ring currently unavailable)

@: bat-form, flying, slowed, constricted, quick
A: fast, flying, no casting, sickness immunity, AC +4, tiny, negative energy
resistance 1, (electricity resistance), torment resistance 1, petrification
resistance
a: no special abilities


You were on level 3 of the Dungeon.
You were a bat.
You visited 1 branch of the dungeon, and saw 3 of its levels.

You collected 107 gold pieces.


Innate Abilities, Weirdness & Mutations

You are a bat.
You are tiny and dextrous.
You move quickly.
You are flying.
Your equipment is almost entirely melded.
You are incapable of wielding weapons or throwing items.
You cannot cast spells.
You are immune to sickness and miasma.
((Your stone body is resilient. (AC +4)))
You are immune to poison.
You resist negative energy. (rN+)
((You are resistant to electric shocks. (rElec)))
You are resistant to unholy torment.
You are immune to petrification.


   Skills:
 - Level 3.2 Fighting
 - Level 4.9 Axes
 - Level 3.2 Armour
 + Level 0.0 Dodging
 - Level 3.2 Shields


You had 4 spell levels left.
You didn't know any spells.
Your spell library was empty.

Inventory:

Hand Weapons
 k - a +0 mace
 Y - a +0 war axe (melded)
Missiles
 i - 3 boomerangs (quivered)
Armour
 b - a +0 scale mail (melded)
 c - a +0 buckler (melded)
 g - a +2 helmet (melded)
 m - a +0 cloak (melded)
Potions
 d - 2 potions of might
 e - a potion of curing
 f - a potion of berserk rage {unknown}
 h - a potion of magic {unknown}
 j - a potion of cancellation {unknown}

Dungeon Overview and Level Annotations

Branches:
Dungeon (3/15)

Altars:

Annotations:
D:2 1 runed translucent door, Crazy Yiuf
D:3 Natasha


Message History

You hit Natasha.
Natasha is heavily wounded.
A ball python comes into view.
Natasha stares at you and mumbles some strange words.
You feel yourself slow down.
The ball python hisses angrily.
You hit Natasha but do no damage.
Natasha is heavily wounded.
Natasha misses you.
You barely miss Natasha.
Natasha is heavily wounded.
An adder comes into view.
Natasha claws you.
The adder hisses angrily.
You hit Natasha but do no damage.
Natasha is heavily wounded.
The ball python misses you. The ball python closely misses you.
Natasha barely misses you. The ball python barely misses you.
The ball python grabs you. The ball python constricts you.
Natasha closely misses you.
You hit the ball python but do no damage.
The adder closely misses you. The ball python closely misses you.
The ball python constricts you.
Natasha mumbles some strange words.
The adder barely misses you.
You barely miss the ball python. The ball python bites you.
The ball python constricts you. The adder closely misses you.
Natasha casts a spell at you.
You feel as though you will be slow longer.
The ball python closely misses you. The ball python constricts you.
You hit the ball python.
The ball python is moderately wounded.
The adder misses you. Natasha claws you! The ball python barely misses you.
The ball python constricts you. The adder barely misses you.
Natasha misses you. The ball python bites you. The ball python constricts you.
You hit the ball python.
The ball python is severely wounded.
The adder bites you.
You die...

...##.########
..............#
..............#
...#..........#
..............#
...#..........# .#
......h.......# .#
.....5Sb.)?.%.##.#
......S...$......#
##..###.........##.#
#. #......?..# .#
#.........##.#
####.##.###..##
#####......#
#%.....##
#.......###


You could see Natasha, a crimson imp (summoned), an adder and a ball python.

Vanquished Creatures
  Jessica (D:2)
  Natasha (D:3)
  Robin (D:2)
  2 adders
  A dart slug (D:2)
  3 bats
  3 endoplasms
  2 giant cockroaches (D:1)
  13 goblins
  7 hobgoblins
  13 jackals
  3 quokkas
  5 ball pythons
  4 frilled lizards
  3 kobolds
  2 rats
64 creatures vanquished.

Notes
Turn   | Place    | Note
-------+----------+-------------------------------------------
     0 | D:1      | qw the Gargoyle Fighter began the quest for the Orb.
     0 | D:1      | Reached XP level 1. HP: 14/14 MP: 1/1
     0 | D:1      | 0 ||| qw: Version: 0.2-a-10-g399e6c4
     0 | D:1      | 0 ||| qw: Game counter: 325
     0 | D:1      | 0 ||| qw: Always use a shield: true
     0 | D:1      | 0 ||| qw: God list: Okawaru
     0 | D:1      | 0 ||| qw: Allow faded altars: false
     0 | D:1      | 0 ||| qw: Do Orc after D:15 true
     0 | D:1      | 0 ||| qw: Do second Lair branch before Depths: true
     0 | D:1      | 0 ||| qw: Lair rune preference: random
     0 | D:1      | 0 ||| qw: Plans: Normal, Zot:1-4, God:TSO, Crypt, Tomb,
                  | Pan, Slime:5, Hells, Abyss, Orb
     0 | D:1      | 0 ||| PLANNING D:1-11
    80 | D:1      | Reached skill level 2 in Axes
   211 | D:1      | 211 ||| Stepping ~*~*~tactically~*~*~ (stealth).
   213 | D:1      | 213 ||| Stepping ~*~*~tactically~*~*~ (stealth).
   222 | D:1      | Reached XP level 2. HP: 19/19 MP: 2/2
   333 | D:1      | 333 ||| Stepping ~*~*~tactically~*~*~ (stealth).
   360 | D:1      | 360 ||| Stepping ~*~*~tactically~*~*~ (stealth).
   369 | D:1      | 369 ||| Stepping ~*~*~tactically~*~*~ (stealth).
   376 | D:1      | 376 ||| Stepping ~*~*~tactically~*~*~ (stealth).
   378 | D:1      | 378 ||| Stepping ~*~*~tactically~*~*~ (stealth).
   379 | D:1      | 379 ||| Stepping ~*~*~tactically~*~*~ (stealth).
   390 | D:1      | Reached skill level 3 in Axes
   464 | D:1      | Found a faded altar of an unknown god.
   488 | D:1      | Reached XP level 3. HP: 18/23 MP: 3/3
   569 | D:1      | 569 ||| Stepping ~*~*~tactically~*~*~ (stealth).
   615 | D:1      | 615 ||| Stepping ~*~*~tactically~*~*~ (stealth).
   832 | D:1      | 832 ||| DROPPING +0 club.
  1040 | D:1      | 1040 ||| READING scroll labelled VIYWIN UGAOS.
  1041 | D:1      | 1041 ||| READING scroll labelled OLE URGHOURAS.
  1083 | D:2      | Noticed Jessica
  1090 | D:2      | Killed Jessica
  1091 | D:2      | Reached XP level 4. HP: 27/28 MP: 4/4
  1095 | D:2      | Reached skill level 4 in Axes
  1203 | D:2      | 1203 ||| Stepping ~*~*~tactically~*~*~ (stealth).
  1203 | D:2      | Noticed Robin
  1211 | D:2      | Killed Robin
  1352 | D:2      | 1352 ||| Stepping ~*~*~tactically~*~*~ (stealth).
  1535 | D:2      | 1535 ||| Stepping ~*~*~tactically~*~*~ (hiding).
  1784 | D:2      | Reached XP level 5. HP: 30/32 MP: 5/5
  1923 | D:2      | Found a runed translucent door.
  1924 | D:2      | Noticed Crazy Yiuf
  1927 | D:2      | 1927 ||| UPGRADING to +2 helmet.
  1932 | D:2      | 1932 ||| UPGRADING to +0 cloak.
  1937 | D:2      | 1937 ||| READING scroll labelled LOKOPENG CEID.
  1938 | D:2      | 1938 ||| READING scroll labelled VUN UT HIYZXOPS.
  1939 | D:2      | 1939 ||| READING scroll labelled VADGHE UBBYUSHROC.
  1940 | D:2      | 1940 ||| DRINKING 2 coppery potions.
  1994 | D:3      | 1994 ||| Stepping ~*~*~tactically~*~*~ (stealth).
  2006 | D:3      | Noticed Natasha
  2016 | D:3      | Killed Natasha
  2033 | D:3      | Noticed Natasha
  2048 | D:3      | HP: 6/32 [Natasha (7)]
  2049 | D:3      | Slain by an adder

Levels and vault maps discovered:
D:1:      wheals_arrival_linesprint, layout_basic,
          chequers_ecumenical_altar_island, hangedman_decor_slide_cut
D:2:      layout_basic, uniq_crazy_yiuf_cottage, uniq_robin, uniq_jessica
D:3:      minmay_angry_zag, layout_rooms, elyvilon_altar_5, uniq_natasha

Skill      XL: |  1  2  3  4 |
---------------+-------------+-----
Axes           | 2 3 4 |  4.9
Fighting       | |  3.2
Armour         | |  3.2
Shields        | |  3.2

Action                   |  1- 3 |  4- 6 || total
-------------------------+-------+-------++-------
Melee: War axe           |    81 |    67 ||   148
       Unarmed           |       |    11 ||    11
Throw: Boomerang         |    16 |    14 ||    30
  Use: Scroll            |     2 |     3 ||     5
       Potion            |       |     1 ||     1
Armor: Scale mail        |    45 |    66 ||   111
Dodge: Dodged            |    46 |    65 ||   111
Block: Buckler           |    14 |    34 ||    48

Table legend:
 A = Non-vault XP
 B = Vault XP
 C = Vault XP percentage of total XP
 D = Non-vault monster count
 E = Vault monster count
 F = Vault count percentage of total count
                 A         B        C        D         E       F
            +---------+---------+-------+---------+---------+-------
      Total |     113 |     110 |  49.3 |      49 |      15 |  23.4
            +---------+---------+-------+---------+---------+-------
        D:1 |      56 |       0 |   0.0 |      31 |       0 |   0.0
        D:2 |      39 |      75 |  65.8 |      15 |      14 |  48.3
        D:3 |      18 |      35 |  66.0 |       3 |       1 |  25.0
            +---------+---------+-------+---------+---------+-------
